 Dungeon Crawl Stone Soup version 0.19-a0-1654-g9d3f708 (webtiles) character file.

5191 Amnesiac the Prestidigitator (level 10, -5/65 HPs)
             Began as a Mummy Artificer on Sept 21, 2016.
             Was an Initiate of Gozag.
             Slain by Bronet's ghost (13 damage)
             ... on level 9 of the Dungeon.
             The game lasted 00:20:51 (13923 turns).

Amnesiac the Prestidigitator (Mummy Artificer)     Turns: 13923, Time: 00:20:52

Health: -5/65      AC: 14    Str: 16    XL:     10   Next: 34%
Magic:  19/19      EV:  5    Int: 11    God:    Gozag
Gold:   855        SH:  0    Dex: 15    Spells: 0 memorised, 9 levels left

rFire  . . .     SeeInvis .     q - +3 flail (crush)
rCold  . . .     Gourm    .     g - +0 plate armour
rNeg   + + +     Faith    .     (no shield)
rPois  ∞         Spirit   .     o - +2 helmet
rElec  .         Dismiss  .     (no cloak)
rCorr  .         Reflect  .     (no gloves)
MR     +....     Harm     .     x - +0 pair of boots
Stlth  ..........               (no amulet)
                                (no ring)
                                y - ring of fire

@: gold aura
A: no food or potions, fire vulnerability, cold resistance 1, negative energy
resistance 3, torment resistance, unbreathing
a: Potion Petition, Call Merchant, Bribe Branch, Renounce Religion


You were on level 9 of the Dungeon.
You worshipped Gozag.
Gozag was pleased with you.
You were not hungry.

You visited 2 branches of the dungeon, and saw 10 of its levels.
You also visited: Ossuary.

You collected 970 gold pieces.
You paid 115 gold pieces to Gozag.

Inventory:

Hand Weapons
 a - a +0 short sword
 l - a +0 flail
 q - a +3 flail of crushing (weapon)
 w - a cursed +0 falchion
 B - a +0 broad axe
Missiles
 v - 25 poisoned needles
Armour
 g - a +0 plate armour (worn)
 o - a +2 helmet (worn)
 x - a +0 pair of boots (worn)
Jewellery
 y - a ring of fire (left hand)
Wands
 c - a wand of flame (0/48)
 d - a wand of enslavement (0/24)
 e - a wand of random effects (0/48)
 k - a wand of enslavement (0/24)
 p - a wand of flame (0/48)
 A - a wand of lightning (5/15)
Scrolls
 b - a scroll of blinking
 f - 4 scrolls of enchant weapon
 h - 3 scrolls of amnesia
 i - a scroll of enchant armour
 j - 4 scrolls of remove curse
 m - 4 scrolls of magic mapping {unknown}
 n - 2 scrolls of noise {unknown}
 r - a scroll of fear {unknown}
 s - 2 scrolls of identify
 t - a scroll of holy word {unknown}
 u - 4 scrolls of teleportation
 z - a scroll of recharging {unknown}
 D - a scroll of immolation {unknown}
Books
 C - a book of Conjurations

   Spells                             Type                      Level
   a - Magic Dart                     Conjuration                  1
   b - Searing Ray                    Conjuration                  2
   c - Dazzling Spray                 Conjuration/Hexes            3
   d - Fulminant Prism                Conjuration/Hexes            4
   e - Iskenderun's Mystic Blast      Conjuration                  4
   f - Iskenderun's Battlesphere      Conjuration/Charms           5


   Skills:
 - Level 1.0 Fighting
 - Level 0.7 Short Blades
 - Level 1.5 Dodging
 - Level 0.7 Stealth
 + Level 12.8 Evocations


You had 9 spell levels left.
You didn't know any spells.

Dungeon Overview and Level Annotations

Branches:
Dungeon (9/15)             Temple (1/1) D:4
   Lair: D:8-11         Orc: D:9-12

Altars:
Ashenzari
Cheibriados
Dithmenos
Elyvilon
Fedhas
Gozag
Hepliaklqana
Kikubaaqudgha
Makhleb
Nemelex Xobeh
Okawaru
Qazlal
Ru
Sif Muna
Trog
Uskayaw
Vehumet
Xom
Yredelemnul
Zin
The Shining One

Annotations:
D:7 1 runed door
D:9 Bronet's ghost, journeyman HOFi


Innate Abilities, Weirdness & Mutations

You do not eat or drink.
Your flesh is vulnerable to fire.
You are immune to poison.
Your flesh is cold resistant. (rC+)
You are immune to negative energy. (rN+++)
You are immune to unholy pain and torment.
You can survive without breathing.


Message History

t - Shout!
Orders for allies: a - Attack new target. r - Retreat! s - Stop attacking. g - Guard the area. f - Follow me.
Anything else - Cancel.
Gang up on whom?
Press: ? - help, Dir - move target cursor, f - orc
Aim: an orc, wielding a flail Attack!
Bronet's ghost hits the orc.
The orc barely misses Bronet's ghost.
Bronet's ghost barely misses the orc.
The orc closely misses Bronet's ghost.
Bronet's ghost hits the orc!
The orc dies!
You swap places.
Bronet's ghost is no longer charmed.
Things that are here:
6 gold pieces; a battleaxe; a plate armour You now have 855 gold pieces (gained 6).
Bronet's ghost hits you!
You die...
Your body crumbles into a pile of gold.

#.##.......# $
#..........# $
#.##.......# $
####.#####...##
#.......##...#
#.##.##.##...#### #
##.##.......yyy ##.
.......oo#########.....
.##.##.#.##@W.)........
###
#.##.#...$######.####
#.. .....###### #.#
#.##.# #.# ..# #.# ..
#.# #.# #.# #.#


You could see Bronet's ghost.

Vanquished Creatures
  The ghost of removeelyvilon the Caller, a novice HuSu of Hepliaklqana (D:5)
  2 hippogriffs (D:8)
  A wyvern (D:8)
  Menkaure (D:6)
  Edmund (D:4)
  A black bear (D:8)
  2 ice beasts
  A wasp (D:6)
  2 sky beasts
  3 phantoms
  An eye of draining (D:9)
  3 ogres
  3 centaurs
  6 bullfrogs
  A wyvern skeleton (D:9)
  6 scorpions (Ossuary)
  3 killer bees
  An electric eel (D:6)
  3 wights (D:5)
  2 howler monkeys (D:7)
  4 crimson imps
  A human zombie (Ossuary)
  A jelly (D:6)
  An orc priest (D:5)
  3 centaur zombies
  5 hounds
  4 orc wizards
  3 bullfrog skeletons
  An iguana (D:5)
  6 worker ants
  4 big kobold zombies (Ossuary)
  A hound zombie (D:7)
  2 hound skeletons
  3 mummies (Ossuary)
  Robin (D:3)
  2 worker ant zombies
  11 adders
  4 scorpion zombies (Ossuary)
  9 gnolls
  3 shadow imps
  A worm (D:2)
  A dart slug (D:1)
  3 leopard geckos
  25 orcs
  3 giant cockroaches
  2 gnoll zombies (Ossuary)
  13 goblins
  2 hobgoblins
  12 jackals
  13 kobolds
  3 quokkas
  7 bats
  8 frilled lizards
  2 goblin zombies
  2 hobgoblin zombies (Ossuary)
  A jackal zombie (D:6)
  A leopard gecko skeleton (D:8)
  An orc zombie (Ossuary)
  A quokka zombie (D:7)
  6 rats
  A rat zombie (D:6)
221 creatures vanquished.

Vanquished Creatures (collateral kills)
  2 orc warriors
  2 killer bees (D:6)
  3 orc priests
  2 gnolls
  An adder (D:2)
  3 orcs
  A giant cockroach (D:2)
14 creatures vanquished.

Vanquished Creatures (others)
  A water moccasin (D:9)
  4 killer bees
  A bullfrog (D:8)
  A scorpion (Ossuary)
  A human zombie (Ossuary)
  A goblin zombie (Ossuary)
9 creatures vanquished.

Grand Total: 244 creatures vanquished

Notes
Turn   | Place    | Note
-------+----------+-------------------------------------------
     0 | D:1      | Amnesiac the Mummy Artificer began the quest for the Orb.
     0 | D:1      | Reached XP level 1. HP: 15/15 MP: 2/2
   426 | D:4      | Reached skill level 3 in Evocations
   426 | D:4      | Reached XP level 2. HP: 21/21 MP: 2/4
   502 | D:4      | Noticed a phantom
   524 | D:4      | Killed a phantom
   524 | D:4      | Reached skill level 4 in Evocations
   524 | D:4      | Reached XP level 3. HP: 4/26 MP: 4/6
   524 | D:4      | Reached XP level 4. HP: 5/32 MP: 4/7
   966 | D:4      | Reached XP level 5. HP: 13/37 MP: 8/8
  1166 | D:4      | Found a staircase to the Ecumenical Temple.
  1223 | D:4      | Reached skill level 5 in Evocations
  1249 | Temple   | Entered the Ecumenical Temple
  2854 | D:2      | Reached XP level 6. HP: 40/43 MP: 10/10
  3224 | D:3      | Found a faded altar of an unknown god.
  3468 | D:3      | Noticed Robin
  3515 | D:3      | Killed Robin
  3822 | D:3      | Reached skill level 6 in Evocations
  4274 | D:4      | Noticed Edmund
  4313 | D:4      | Killed Edmund
  4460 | D:5      | Entered Level 5 of the Dungeon
  4579 | D:5      | Reached XP level 7. HP: 45/48 MP: 10/12
  5134 | D:5      | Noticed removeelyvilon's ghost (novice HuSu)
  5180 | D:5      | Killed removeelyvilon's ghost
  5180 | D:5      | Reached skill level 7 in Evocations
  5403 | D:5      | Reached skill level 8 in Evocations
  5426 | D:5      | Reached XP level 8. HP: 13/54 MP: 14/14
  5455 | D:5      | HP: 1/54 [orc wizard/magic dart (11)]
  6190 | D:6      | Reached skill level 9 in Evocations
  6603 | D:6      | Found a sand-covered staircase.
  6623 | Ossuary  | Entered an ossuary
  6869 | Ossuary  | Reached skill level 10 in Evocations
  7311 | Ossuary  | Reached XP level 9. HP: 49/59 MP: 16/16
  7552 | D:6      | Noticed Menkaure
  7560 | D:6      | Killed Menkaure
  8670 | D:7      | Found a radiant altar of Vehumet.
  8842 | D:7      | Found a runed door.
  8926 | D:7      | Reached skill level 11 in Evocations
  9324 | D:7      | Found a hide-covered altar of Uskayaw.
  9326 | D:7      | Found a sparkling altar of Nemelex Xobeh.
  9330 | D:7      | Found an opulent altar of Gozag.
  9330 | D:7      | Found a sacrificial altar of Ru.
  9336 | D:7      | Found a stormy altar of Qazlal.
  9338 | D:7      | Found an iron altar of Okawaru.
  9341 | D:7      | Became a worshipper of Gozag Ym Sagoz the Greedy
 11050 | D:8      | Reached skill level 12 in Evocations
 11390 | D:8      | Reached XP level 10. HP: 46/65 MP: 19/19
 12420 | D:8      | HP: 3/65 [ogre/giant spiked club (6)]
 13901 | D:9      | HP: 3/65 [killer bee (7)]
 13907 | D:9      | Noticed Bronet's ghost (journeyman HOFi)
 13923 | D:9      | Slain by Bronet's ghost

Vault maps used:
D:1:      eino_arrival_tree_alley, minmay_close_crescents
D:2:      minmay_hedge_maze
D:3:      first_bread, ecumenical_altar_2, minmay_misc_feat_secret_circle,
          uniq_robin
D:4:      uniq_edmund
D:6:      enter_ossuary_4, kennysheep_minor_cross, uniq_menkaure
D:7:      minitemple, basic_altar, serial_shops, nicolae_shop_behind_doors,
          minivault_26, grunt_ministairs_3, minmay_bent, uniq_crazy_yiuf_cottage
D:9:      special_room, grunt_livestock
Temple:   regret_index_temple_waves
Ossuary:  ossuary_minmay_scorpions

Skill      XL: |  1  2  3  4  5  6  7  8  9 |
---------------+----------------------------+-----
Evocations     | 3 4 5 6 8 10 12 | 12.8
Fighting       | |  1.0
Short Blades   | |  0.7
Dodging        | |  1.5
Stealth        | |  0.7

Action                   |  1- 3 |  4- 6 |  7- 9 | 10-12 || total
-------------------------+-------+-------+-------+-------++-------
Melee: Short sword       |    27 |   366 |       |       ||   393
       Flail             |       |    23 |   724 |   168 ||   915
Evoke: Wand              |    11 |    22 |    12 |    11 ||    56
  Use: Scroll            |     2 |     1 |     4 |       ||     7
Armor: Leather armour    |     2 |       |       |       ||     2
       Plate armour      |     2 |   332 |   662 |   189 ||  1185
Dodge: Dodged            |     4 |    93 |   217 |    79 ||   393
